 Dungeon Crawl Stone Soup version 0.23.0 (webtiles) character file.

Game seed: 7480950563724738628

5159 Nothus the Carver (level 10, -8/85 HPs)
             Began as a Barachi Fighter on Feb 11, 2019.
             Was an Elder of Cheibriados.
             Splashed by a centaur's acid (10 damage)
             ... on level 10 of the Dungeon.
             The game lasted 00:31:08 (9676 turns).

Nothus the Carver (Barachi Fighter)                 Turns: 9676, Time: 00:31:08

Health: -8/85      AC: 12    Str: 30    XL:     10   Next: 59%
Magic:  0/10       EV: 15    Int: 19    God:    Cheibriados [****..]
Gold:   198        SH: 11    Dex: 25    Spells: 9/9 levels left

rFire    . . .     SeeInvis .   a - +0 long sword
rCold    . . .     Gourm    .   c - +0 shield
rNeg     . . .     Faith    .   b - +0 scale mail
rPois    +         Spirit   +   (no helmet)
rElec    .         Reflect  .   Q - +0 cloak
rCorr    .         Harm     .   D - +0 pair of gloves
MR       .....                  q - +0 pair of boots
Stlth    +.........             h - amulet of guardian spirit
HPRegen  0.24/turn              r - +3 ring of strength
MPRegen  0.12/turn              s - ring of poison resistance

@: very slow
A: +LOS, swims, slowness 1, strong legs 1
a: Hop, Bend Time, Temporal Distortion, Slouch, Renounce Religion


You were on level 10 of the Dungeon.
You worshipped Cheibriados.
Cheibriados was greatly pleased with you.
You were not hungry.

You visited 2 branches of the dungeon, and saw 11 of its levels.

You collected 429 gold pieces.
You spent 231 gold pieces at shops.

Inventory:

Hand Weapons
 a - a +0 long sword (weapon)
 j - a +0 blowgun
 l - a +2 dagger of flaming
 B - a +0 war axe of draining
Missiles
 g - 7 tomahawks (quivered)
 t - 73 poisoned needles
 E - a tomahawk of dispersal
Armour
 b - a +0 scale mail (worn)
 c - a +0 shield (worn)
 q - a +0 pair of boots (worn)
 y - a +0 chain mail
 A - a +0 leather armour
 D - a +0 pair of gloves (worn)
 Q - a +0 cloak (worn)
Jewellery
 h - an amulet of guardian spirit (around neck)
 r - a +3 ring of strength (left hand)
 s - a ring of poison resistance (right hand)
 F - a +3 ring of evasion
 I - an uncursed amulet of regeneration
 K - an uncursed amulet of magic regeneration
 W - a +3 ring of dexterity {unknown}
Wands
 n - a wand of paralysis (12)
 x - a wand of flame (38)
 V - a wand of polymorph (6)
Scrolls
 d - a scroll of magic mapping {unknown}
 k - 4 scrolls of remove curse
 m - 2 scrolls of teleportation
 p - a scroll of random uselessness {unknown}
 w - 2 scrolls of immolation
 C - a scroll of fear {unknown}
 G - a scroll of enchant armour {unknown}
 M - a scroll of vulnerability {unknown}
 O - 2 scrolls of amnesia
 P - a scroll of holy word {unknown}
 R - a scroll of blinking
 T - a scroll of acquirement {unknown}
 U - a scroll of fog {unknown}
 X - a scroll of noise {unknown}
Potions
 e - 4 potions of degeneration
 i - 2 potions of curing
 o - 2 potions of flight
 u - 2 potions of resistance
 v - a potion of invisibility
 z - 2 potions of brilliance
 H - a potion of agility {unknown}
 J - a potion of berserk rage {unknown}
 L - 3 potions of lignification
 N - a potion of haste {unknown}
 S - a potion of mutation {unknown}
Comestibles
 f - 15 rations
 Y - 11 chunks of flesh


   Skills:
 - Level 10.1 Fighting
 - Level 10.6 Long Blades
 + Level 9.2 Armour
 + Level 7.5 Dodging
 - Level 3.2 Shields


You had 9 spell levels left.
You didn't know any spells.
Your spell library contained the following spells:

 Spells                   Type           Power        Failure   Level  Hunger
 Corona                   Hex            #......      86%         1    ##.....
 Magic Dart               Conj           #...         86%         1    ##.....
 Blink                    Tloc           N/A          95%         2    ###....
 Call Imp                 Summ           #.......     95%         2    ###....
 Ensorcelled Hibernation  Hex/Ice        #.....       95%         2    ###....
 Slow                     Hex            #.......     95%         2    ###....
 Confuse                  Hex            #.......     99%         3    ####...
 Conjure Flame            Conj/Fire      #.......     99%         3    ####...
 Dazzling Spray           Conj/Hex       #.....       99%         3    ####...
 Mephitic Cloud           Conj/Pois/Air  #.......     99%         3    ####...
 Tukima's Dance           Hex            #.......     99%         3    ####...


Dungeon Overview and Level Annotations

Branches:
Dungeon (10/15)            Temple (1/1) D:5
   Lair: D:8-11         Orc: D:9-12

Altars:
Cheibriados
Dithmenos
Elyvilon
Fedhas
Gozag
Hepliaklqana
Nemelex Xobeh
Okawaru
Qazlal
Ru
Sif Muna
Trog
Vehumet
Xom
Yredelemnul
Zin
The Shining One
Beogh

Shops:
D:6 !   D:9 *


Innate Abilities, Weirdness & Mutations

Shadows flee at your approach. (+LOS)
You can swim through water.
You cover ground slowly.
You can hop short distances.


Message History

The centaur shoots an arrow.
The arrow hits you!
The centaur zaps a wand.
The bolt of acid hits you!
You are splashed with acid!
Items here: ( ))) ? [[ ÷÷÷ †† The centaur zaps a wand.
The bolt of acid hits you!
You are splashed with acid!
* * * LOW HITPOINT WARNING * * *
The centaur unwields a +0 shortbow.
The centaur wields a +0 broad axe.
The centaur barely misses you.
You riposte.
Your shield and scale mail prevent you from hitting the centaur.
The centaur zaps a wand.
The bolt of acid hits you.
* * * LOW HITPOINT WARNING * * *
You are splashed with acid!
* * * LOW HITPOINT WARNING * * *
Things that are here:
a +0 dagger; an arrow; an orc corpse Unknown command.
Okay, then.
You feel better.
The centaur zaps a wand.
The bolt of acid hits you!
* * * LOW HITPOINT WARNING * * *
You are splashed with acid!
You die...

...........# ### #........#
#.# ..##.......# #.##
...........### #..#
.............######..######
.....###)###.....)........#
....?###(######...........#
.........(######..........#
........#c@?..÷..#.........
.........#######...........
.....#...#####........)....
.......(.......#####..#####
............<...#####.##
........###.<.#........#
.###..>. ##........####
#..... #........# #.....
#........#


You could see a centaur.

Vanquished Creatures
  2 centaur skeletons
  A hornet (D:10)
  A hippogriff (D:8)
  A hungry ghost (D:7)
  A warg (D:10)
  A hornet zombie (D:6)
  A water moccasin (D:7)
  3 orc warriors (D:9)
  An ice beast (D:9)
  2 phantoms
  3 ogres
  An eye of draining (D:8)
  7 centaurs
  Blork the orc (D:4)
  3 bullfrogs
  5 killer bees (D:10)
  4 scorpions
  5 howler monkeys
  A crimson imp (D:5)
  A quasit (D:6)
  4 jellies (D:9)
  9 hounds
  8 orc priests
  Terence (D:2)
  2 iguanas
  12 orc wizards
  6 worker ants
  2 howler monkey zombies
  A howler monkey skeleton (D:6)
  16 adders
  5 gnolls
  2 river rats (D:3)
  A shadow imp (D:8)
  5 oozes (D:9)
  4 worms
  A dart slug (D:2)
  3 leopard geckos
  48 orcs
  8 bats
  12 giant cockroaches
  5 goblins
  8 hobgoblins
  4 jackals (D:6)
  8 kobolds
  2 quokkas (D:8)
  3 frilled lizards
  A jackal skeleton (D:7)
  A leopard gecko zombie (D:7)
  A quokka skeleton (D:5)
  13 rats
241 creatures vanquished.

Vanquished Creatures (others)
  A sky beast (D:8)
  An orc (D:10)
2 creatures vanquished.

Grand Total: 243 creatures vanquished

Notes
Turn   | Place    | Note
-------+----------+-------------------------------------------
     0 | D:1      | Nothus the Barachi Fighter began the quest for the Orb.
     0 | D:1      | Reached XP level 1. HP: 18/18 MP: 1/1
   182 | D:1      | Reached XP level 2. HP: 25/25 MP: 2/2
   628 | D:2      | Reached XP level 3. HP: 31/31 MP: 3/3
   644 | D:2      | Noticed Terence
  1177 | D:2      | Reached XP level 4. HP: 37/38 MP: 2/4
  1320 | D:2      | Killed Terence
  1320 | D:2      | Reached skill level 5 in Fighting
  1678 | D:3      | Reached XP level 5. HP: 38/44 MP: 5/5
  1887 | D:3      | Found a faded altar of an unknown god.
  2337 | D:3      | Reached skill level 5 in Long Blades
  2361 | D:3      | Reached XP level 6. HP: 31/52 MP: 3/6
  2675 | D:4      | Noticed Blork the orc
  2689 | D:4      | Killed Blork the orc
  3158 | D:4      | Reached XP level 7. HP: 25/60 MP: 3/7
  3508 | D:5      | Entered Level 5 of the Dungeon
  3868 | D:5      | Reached XP level 8. HP: 57/68 MP: 8/8
  4512 | D:5      | Found a staircase to the Ecumenical Temple.
  4525 | Temple   | Entered the Ecumenical Temple
  4607 | Temple   | Became a worshipper of Cheibriados the Contemplative
  5373 | D:6      | Found Oguydaez's Distillery.
  5381 | D:6      | Reached * piety under Cheibriados
  5384 | D:6      | Bought a potion of invisibility for 88 gold pieces
  5384 | D:6      | Bought a potion of lignification for 33 gold pieces
  5384 | D:6      | Bought a potion of heal wounds for 55 gold pieces
  5384 | D:6      | Bought a potion of heal wounds for 55 gold pieces
  5830 | D:6      | Reached skill level 10 in Fighting
  5830 | D:6      | Reached XP level 9. HP: 66/78 MP: 7/9
  5949 | D:6      | Reached skill level 10 in Long Blades
  6166 | D:6      | Reached skill level 1 in Dodging
  6781 | D:7      | Reached ** piety under Cheibriados
  6797 | D:7      | Reached skill level 5 in Armour
  6893 | D:7      | Noticed a purple ugly thing
  7324 | D:8      | Found a hazy altar of Hepliaklqana.
  7324 | D:8      | Found a white marble altar of Elyvilon.
  7397 | D:8      | Reached skill level 5 in Dodging
  7586 | D:8      | Reached XP level 10. HP: 33/85 MP: 4/10
  7944 | D:8      | Reached *** piety under Cheibriados
  7946 | D:8      | Found a sparkling altar of Nemelex Xobeh.
  8086 | D:8      | Found a bloodstained altar of Trog.
  8321 | D:9      | Found a deep blue altar of Sif Muna.
  8872 | D:9      | Found a roughly hewn altar of Beogh.
  8880 | D:9      | Reached **** piety under Cheibriados
  9001 | D:9      | Found a stormy altar of Qazlal.
  9272 | D:9      | Found an opulent altar of Gozag.
  9276 | D:9      | Found Gozag's Platinum Reserve.
  9436 | D:10     | Entered Level 10 of the Dungeon
  9676 | D:10     | HP: 2/85 [centaur/wand of acid (7) (13)]
  9676 | D:10     | Splashed by a centaur's acid

Skill      XL: |  1  2  3  4  5  6  7  8  9 10 |
---------------+-------------------------------+-----
Fighting       | 4 5 6 7 8 10 | 10.1
Long Blades    | 3 4 5 6 7 9 10 | 10.6
Armour         | 7 9 |  9.2
Dodging        | 5 7 |  7.5
Shields        | |  3.2

Action                   |  1- 3 |  4- 6 |  7- 9 | 10-12 || total
-------------------------+-------+-------+-------+-------++-------
Melee: Long sword        |    98 |   236 |   428 |   279 ||  1041
Throw: Tomahawk          |       |     3 |     1 |       ||     4
Invok: Bend Time         |       |       |     1 |       ||     1
 Abil: Hop               |       |       |     2 |       ||     2
  Use: Scroll            |       |     5 |     8 |     2 ||    15
       Potion            |       |     2 |     3 |     1 ||     6
  Eat: Chunk             |     2 |     7 |     8 |     5 ||    22
       Ration            |       |       |     2 |       ||     2
Armor: Scale mail        |    60 |    82 |   196 |    56 ||   394
Dodge: Dodged            |    27 |    66 |   115 |   101 ||   309
Block: Shield            |    56 |    95 |   227 |   135 ||   513
       Rpst.: Long sword |     7 |    14 |    28 |    30 ||    79
